 Dungeon Crawl Stone Soup version 0.29-a0-284-gf9362112df (webtiles) character file.

Game seed: 3861525352164362829

732304 holysushi the Ruinous (level 27, -1/187 HPs)
             Began as a Demonspawn Fire Elementalist on Mar 20, 2022.
             Was a High Priest of Lugonu.
             Killed by the air
             ... invoked by a blizzard demon
              (22 damage)
             ... on level 4 of the Dungeon on Mar 27, 2022.
             The game lasted 07:19:48 (134053 turns).

holysushi the Ruinous (DsFE)                      Turns: 134053, Time: 07:19:49

Health: -1/187     AC: 17    Str: 11    XL:     27
Magic:  32/46      EV: 33    Int: 28    God:    Lugonu [*****.]
Gold:   1816       SH:  7    Dex: 18    Spells: 8/64 levels left

rFire   + . .      SeeInvis +   W - staff of conjuration
rCold   + + .      Faith    .   o - +1 buckler {rC+ rF+}
rNeg    + . .      Spirit   .   m - quicksilver dragon scales
rPois   .          Reflect  .   (helmet unavailable)
rElec   +          Harm     .   z - +2 cloak {rCorr}
rCorr   +          Rampage  .   O - +2 pair of gloves
Will    ++++.      Rage     1%  D - +0 pair of boots of Action {rF+ Will+ Int+4 SInv}
Stlth   +.........              v - amulet of magic regeneration
HPRegen 0.41/turn               F - +4 ring of evasion
MPRegen 0.70/turn               r - ring of Tah Cyh {Ice rElec rN+ Slay+3}

@: agile, very slightly contaminated, studying 3 skills, repel missiles, unable
to read
A: horns 3, repulsion field 3, demonic guardian 3, powered by pain 3, black
mark, bedeviling, aura of silence, berserk 1, deformed body, frail 1, wild magic
1, no potion heal 1, inability to read while threatened
0: Orb of Zot
}: 5/15 runes: decaying, serpentine, slimy, silver, abyssal
a: Renounce Religion, Depart the Abyss, Bend Space, Banish, Corrupt, Enter the
Abyss


You were on level 4 of the Dungeon.
You worshipped Lugonu.
Lugonu was extremely pleased with you.
You visited 11 branches of the dungeon, and saw 54 of its levels.
You visited the Abyss 4 times.
You also visited: Bailey, Gauntlet, Ice Cave and Desolation.

You collected 9465 gold pieces.
You spent 7649 gold pieces at shops.

Inventory:

Hand Weapons
 j - the +7 Singing Sword {vorpal, sonic wave}
   (You bought it in a shop on level 5 of the Dungeon)

   It inflicts extra damage upon your enemies.
   It radiates damaging sonic waves as it strikes, especially in combat
   involving dangerous or numerous foes.
 x - a +9 quick blade of distortion
Armour
 m - quicksilver dragon scales (worn)
 o - a +1 buckler of resistance (worn)
 z - a +2 cloak of preservation (worn)
 D - the +0 pair of boots of Action (worn) {rF+ Will+ Int+4 SInv}
   (You bought it in a shop on level 2 of the Snake Pit)

   Int:       It affects your intelligence (+4).
   rF:        It protects you from fire.
   SInv:      It lets you see invisible.
   Will:      It increases your willpower.
 O - a +2 pair of gloves (worn)
 R - the +1 robe "Ybeph" {Will++ SInv Stlth+ Archmagi}
   (You found it on level 3 of the Vaults)

   SInv:      It lets you see invisible.
   Archmagi:  It increases the power of your magical spells.
   Will:      It greatly increases your willpower.
   Stlth:     It makes you more stealthy.
Magical Staves
 a - a staff of fire
 W - a staff of conjuration (weapon)
Jewellery
 e - a ring of fire
 f - a ring of fire
 n - the ring of Megalomania {Will+ Str+5}
   (You took it off a ragged hierophant in the Desolation of Salt)

   [ring of willpower]

   Str:       It affects your strength (+5).
   Will:      It increases your willpower.
 q - a +4 ring of protection
 r - the ring of Tah Cyh (right hand) {Ice rElec rN+ Slay+3}
   (You found it on level 2 of the Snake Pit)

   [ring of ice]

   It enhances your ice magic.
   Slay:      It affects your accuracy & damage with ranged weapons and melee
   (+3).
   rF:        It makes you vulnerable to fire.
   rC:        It protects you from cold.
   rElec:     It insulates you from electricity.
   rN:        It protects you from negative energy.
 v - an amulet of magic regeneration (around neck)
 F - a +4 ring of evasion (left hand)
 K - a +6 ring of intelligence
Wands
 C - a wand of paralysis (17)
 I - a wand of iceblast (22)
 J - a wand of acid (2)
 L - a wand of digging (24)
 N - a wand of mindburst (26)
Scrolls
 c - 9 scrolls of teleportation
 i - 3 scrolls of holy word
 u - 7 scrolls of immolation
 y - 6 scrolls of amnesia
 B - 4 scrolls of vulnerability
 G - 3 scrolls of silence
 M - 8 scrolls of fog
 S - 7 scrolls of fear
 X - 2 scrolls of enchant armour
 Y - 13 scrolls of magic mapping
 Z - 5 scrolls of summoning
Potions
 b - 3 potions of magic
 d - 7 potions of flight
 g - 4 potions of heal wounds
 h - 2 potions of invisibility
 k - 5 potions of brilliance
 p - 7 potions of cancellation
 t - 6 potions of curing
 w - 2 potions of haste
 A - 5 potions of lignification
 E - a potion of resistance
 H - 2 potions of berserk rage
 Q - 7 potions of might
Miscellaneous
 l - a condenser vane (inert)
 s - a phantom mirror
 P - a piece from Xom's chessboard (15/15)
 T - a phial of floods
 U - a box of beasts
 V - a lightning rod (4/4)


   Skills:
 - Level 15.2 Fighting
 - Level 2.0(7.8) Maces & Flails
 - Level 11.9(12.0) Staves
 - Level 10.8 Armour
 - Level 18.0 Dodging
 - Level 6.7 Stealth
 - Level 4.8 Shields
 - Level 19.4 Spellcasting
 + Level 22.3 Conjurations
 - Level 10.0 Hexes
 - Level 2.0 Transmutations
 - Level 20.0 Fire Magic
 - Level 5.7 Ice Magic
 - Level 5.7 Air Magic
 - Level 9.7 Earth Magic
 - Level 15.0 Invocations
 - Level 9.0 Evocations


You had 8 spell levels left.
You knew the following spells:

 Your Spells              Type           Power      Damage    Failure   Level
a - Foxfire               Conj/Fire      100%       2x1d9     1%          1
b - Scorch                Fire           100%       2d10      1%          2
c - Sticky Flame          Conj/Fire      100%       2d11      1%          4
d - Flame Wave            Conj/Fire      100%       2d17      1%          4
e - Fireball              Conj/Fire      68%        3d26      1%          5
f - Poisonous Vapours     Pois/Air       100%       N/A       3%          2
g - Conjure Flame         Conj/Fire      100%       6-21      1%          3
h - Starburst             Conj/Fire      68%        6d18      1%          6
i - Freezing Cloud        Conj/Ice/Air   66%        6-21      2%          5
j - Iron Shot             Conj/Erth      61%        9d11      1%          6
k - Yara's Violent Unrav  Hex/Tmut       43%        3d17      13%         5
l - Ignition              Fire           55%        3d15      11%         8
m - Irradiate             Conj/Tmut      55%        3d32      1%          5

Your spell library contained the following spells:

 Spells                   Type           Power      Damage    Failure   Level
 Freeze                   Ice            100%       1d11      1%          1
 Magic Dart               Conj           100%       1d8       1%          1
 Shock                    Conj/Air       100%       1d9       1%          1
 Slow                     Hex            100%       N/A       1%          1
 Ensorcelled Hibernation  Hex/Ice        100%       N/A       1%          2
 Passwall                 Tmut/Erth      55%        N/A       1%          2
 Searing Ray              Conj           100%       2d8       1%          2
 Static Discharge         Conj/Air       100%       N/A       1%          2
 Confusing Touch          Hex            100%       N/A       1%          3
 Dazzling Flash           Conj/Hex       100%       N/A       1%          3
 Ignite Poison            Fire/Tmut/Pois 73%        N/A       1%          3
 Inner Flame              Hex/Fire       100%       N/A       1%          3
 Mephitic Cloud           Conj/Pois/Air  100%       N/A       1%          3
 Stone Arrow              Conj/Erth      100%       3d13      1%          3
 Tukima's Dance           Hex            100%       N/A       1%          3
 Cause Fear               Hex            52%        N/A       1%          4
 Fulminant Prism          Conj/Hex       74%        3d30      1%          4
 Hailstorm                Conj/Ice       100%       3d20      1%          4
 Iskenderun's Mystic Bla  Conj/Tloc      100%       2d19      1%          4
 Leda's Liquefaction      Hex/Erth       51%        N/A       1%          4
 Iskenderun's Battlesphe  Conj           100%       2d15      1%          5
 Lightning Bolt           Conj/Air       58%        1d81      1%          5
 Orb of Destruction       Conj           69%        9d16      1%          7
 Frozen Ramparts          Ice            100%       1d12      2%          3
 Ozocubu's Armour         Ice            86%        N/A       2%          3
 Swiftness                Air            67%        N/A       2%          3
 Beastly Appendage        Tmut           98%        N/A       3%          1
 Corpse Rot               Necr/Air       100%       N/A       3%          2
 Portal Projectile        Hex/Tloc       100%       N/A       3%          3
 Summon Guardian Golem    Hex/Summ       82%        N/A       3%          3
 Lee's Rapid Deconstruct  Erth           41%        3d21*     3%          5
 Conjure Ball Lightning   Conj/Air       58%        3x3d21    3%          6
 Sting                    Tmut/Pois      100%       1d8       4%          1
 Wereblood                Tmut           49%        N/A       4%          2
 Animate Skeleton         Necr           70%        N/A       6%          1
 Pain                     Necr           100%       1d9       6%          1
 Airstrike                Air            33%        N/A       6%          4
 Petrify                  Tmut/Erth      67%        N/A       6%          4
 Metabolic Englaciation   Hex/Ice        59%        N/A       7%          5
 Silence                  Hex/Air        47%        N/A       7%          5
 Anguish                  Hex/Necr       41%        N/A       8%          4
 Blink                    Tloc           70%        N/A       10%         2
 Call Imp                 Summ           35%        N/A       10%         2
 Sublimation of Blood     Necr           35%        N/A       10%         2
 Spider Form              Tmut/Pois      42%        N/A       12%         3
 Ice Form                 Ice/Tmut       76%        N/A       12%         4
 Call Canine Familiar     Summ           35%        N/A       17%         3
 Gell's Gravitas          Tloc           35%        N/A       17%         3
 Lesser Beckoning         Tloc           35%        N/A       17%         3
 Teleport Other           Tloc           35%        N/A       17%         3
 Vampiric Draining        Necr           35%        2d8       17%         3
 Summon Ice Beast         Ice/Summ       71%        N/A       17%         4
 Summon Lightning Spire   Summ/Air       54%        N/A       17%         4
 Borgnjor's Vile Clutch   Necr/Erth      31%        N/A       21%         5
 Spellforged Servitor     Conj/Summ      54%        N/A       41%         7
 Animate Dead             Necr           17%        N/A       45%         4
 Olgreb's Toxic Radiance  Pois           35%        N/A       45%         4
 Passage of Golubria      Tloc           35%        N/A       45%         4
 Blade Hands              Tmut           24%        N/A       52%         5
 Statue Form              Tmut/Erth      44%        N/A       56%         6
 Enfeeble                 Hex            52%        N/A       56%         7
 Alistair's Intoxication  Tmut/Pois      28%        N/A       65%         5
 Agony                    Necr           35%        N/A       78%         5
 Excruciating Wounds      Necr           17%        N/A       78%         5
 Manifold Assault         Tloc           35%        N/A       78%         5
 Simulacrum               Ice/Necr       35%        N/A       92%         6
 Ozocubu's Refrigeration  Ice            43%        4d13      98%         7
 Eringya's Noxious Bog    Tmut/Pois      21%        N/A       99%         6
 Discord                  Hex            52%        N/A       99%         8
 Death Channel            Necr           17%        N/A       100%        6
 Dispersal                Tloc           17%        N/A       100%        6
 Summon Cactus Giant      Summ           17%        N/A       100%        6
 Malign Gateway           Summ/Tloc      17%        N/A       100%        7
 Storm Form               Tmut/Air       29%        N/A       100%        7
 Summon Hydra             Summ           17%        N/A       100%        7
 Borgnjor's Revivificati  Necr           17%        N/A       100%        8
 Maxwell's Capacitive Co  Air            33%        ∞         100%        8
 Summon Horrible Things   Summ           17%        N/A       100%        8
 Death's Door             Necr           17%        N/A       100%        9
 Polar Vortex             Ice            43%        N/A       100%        9


Dungeon Overview and Level Annotations

Branches:
Dungeon (15/15)            Temple (1/1) D:6            Lair (6/6) D:9
  Swamp (4/4) Lair:3        Snake (4/4) Lair:3        Slime (5/5) Lair:6
    Orc (2/2) D:11            Elf (3/3) Orc:2        Vaults (5/5) D:14
  Crypt (0/3) Vaults:2     Depths (4/4) D:15            Zot (5/5) Depths:4
 Bailey (visited)           IceCv (visited)         Desolation (visited)
Gauntlet (visited)

Altars:
Ashenzari
Cheibriados
Dithmenos
Elyvilon
Fedhas
Gozag
Hepliaklqana
Kikubaaqudgha
Makhleb
Nemelex Xobeh
Okawaru
Qazlal
Ru
Sif Muna
Trog
Uskayaw
Vehumet
Wu Jian
Xom
Yredelemnul
Zin
The Shining One
Jiyva
Lugonu

Shops:
D:5 (   D:7 *   D:12 *   D:14 (*   Orc:1 [*(?[   Orc:2 :(?=   Elf:2 *
Snake:1 [?:   Snake:2 [*   Snake:3 [!   Vaults:2 !

Portals:
Hell: Depths:1 Depths:2 Depths:3 Depths:4
Abyss: Depths:3
Pandemonium: Depths:1 Depths:2
Ziggurat: Depths:1

Annotations:
D:3 1 runed translucent door, 2 transporters, exclusion: door, Crazy Yiuf; ooooo's ghost, amateur OpCj
D:8 3 runed translucent doors, Zeldest's ghost, novice TeGl
D:10 exclusion: downstairs
Lair:2 exclusion: downstairs
Lair:3 exclusion: downstairs
Swamp:2 1 runed translucent door, exclusion: downstairs, Zomibl Ceupp's ghost, adept OpMo
Snake:1 exclusion: downstairs
Snake:2 dolemite99's ghost, adept MfMo
Snake:3 exclusion: downstairs
Snake:4 Mlioglotl
Slime:2 exclusion: downstairs
Slime:4 exclusions: 2 downstairs and upstairs
Slime:5 corrupted
Vaults:3 exclusion: downstairs
Depths:4 Parghit
Zot:1 1 transporter


Innate Abilities, Weirdness & Mutations

You have a pair of large horns on your head.
You are surrounded by a strong repulsion field. (EV +4, RMsl)
A powerful demonic guardian rushes to your aid.
You are powered by pain.
Your melee attacks may debilitate your foes.
Your hexes are more powerful.
You are surrounded by an aura of silence.
You tend to lose your temper in combat.
Armour fits poorly on your strangely shaped body.
You are frail. (-10% HP)
Your spells are a little harder to cast, but a little more powerful.
Potions are less effective at restoring your health.
You sometimes lose the ability to read scrolls when taking damage.


Message History

The soul eater draws from the surrounding life force!
* * * LOW HITPOINT WARNING * * *
You can read scrolls again.
The soul eater draws from the surrounding life force!
* * * LOW HITPOINT WARNING * * *
A demonic guardian appears!
The soul eater draws from the surrounding life force!
* * * LOW HITPOINT WARNING * * *
A blizzard demon comes into view.
You swap places.
The soul eater draws from the surrounding life force!
* * * LOW HITPOINT WARNING * * *
The blizzard demon attacks as you move away!
You block the blizzard demon's attack. The blizzard demon misses you.
Your Brimstone Fiend hits the soul eater but does no damage.
Your Brimstone Fiend completely misses the soul eater.
Your Brimstone Fiend hits the soul eater!
There is a stone staircase leading up here.
The soul eater draws from the surrounding life force!
* * * LOW HITPOINT WARNING * * *
The soul eater is healed.
Your Brimstone Fiend hits the soul eater.
Your Brimstone Fiend barely misses the soul eater.
Your Brimstone Fiend hits the soul eater!
The blizzard demon completely misses you. x2
You climb upwards.
There is a stone staircase leading down here.
Okay, then.
Casting: Iron Shot (mildly dangerous; 1% risk of failure)
Confirm with . or Enter, or press ? or * to list all spells.
Casting: Starburst (mildly dangerous; 1% risk of failure)
Press: ? - help, Dir - look around, f - activate You feel a surge of power!
The bolt of fire hits the blizzard demon!!!
The blizzard demon is burned terribly!
The blizzard demon is severely wounded.
The blizzard demon waves its arms in wide circles.
The air twists around and strikes you!!
You feel threatened and lose the ability to read scrolls!
You die...

########## #....[...#
##########.######.######
##########...........###.........
.........#..##...##..##..........
#.............<.@2.........#####.
#.######.#..##...##..###.........
#.# #.#..###.............####.
#.# #.........................
#.# ###...######..###.........
#.# ####...### #..###....###..
#.# #........# #........#.##..
#.# #.##.###.####.........###..
#.#####.....##........##..###....


You could see a blizzard demon (unsilenced).

Vanquished Creatures
  the Royal Jelly (Slime:5)
  2 dread liches (Zot:5)
  7 ancient liches
  5 orbs of fire
  Mennas (Vaults:4)
  A juggernaut (Depths:3)
  Boris (Depths:3)
  5 Killer Klowns
  Frederick (Depths:4)
  Bai Suzhen (Swamp:3)
  Margery (Depths:4)
  2 curse toes
  A caustic shrike (Depths:3)
  A profane servitor (D:6)
  9 golden dragons
  2 bone dragons (Abyss:1)
  4 electric golems
  An Ice Fiend (D:6)
  28 Orb Guardians
  Rupert (D:13)
  15 tentacled monstrosities
  A Hell Sentinel (Depths:4)
  A walking crystal tome (Depths:3)
  4 liches
  5 quicksilver dragons
  7 titans
  3 deep elf blademasters
  Gastronok (Lair:2)
  3 deep elf master archers
  13 death cobs
  16 acid blobs
  4 tentacled starspawn
  Kirke (D:12)
  9 sphinxes
  16 storm dragons
  9 tengu reavers
  7 draconian monks
  4 fire giants
  2 fenstrider witches (Swamp:3)
  12 shadow dragons
  5 azure jellies
  8 frost giants
  5 nagarajas
  8 rockslimes
  A frost giant (shapeshifter) (Depths:3)
  5 draconian knights
  An orc warlord (Vaults:2)
  18 vault wardens
  An imperial myrmidon (Desolation)
  A deep elf sorcerer (Elf:1)
  2 ghost moths
  2 iron dragons
  2 caustic shrike zombies (Depths:2)
  3 draconian stormcallers
  A curse skull (Vaults:2)
  5 angels
  8 draconian shifters
  A juggernaut zombie (Depths:2)
  6 deep elf elementalists
  25 ironbound preservers
  6 ghouls
  2 spriggan defenders (Depths:3)
  6 draconian annihilators
  A reaper (Depths:2)
  2 war gargoyles (Vaults:3)
  5 ironbound thunderhulks
  7 quicksilver oozes
  16 stone giants
  5 vampire knights
  47 very ugly things
  7 deep elf demonologists (Elf:3)
  3 eleionomae
  9 green draconians
  7 black draconians
  21 dire elephants
  9 yellow draconians
  16 purple draconians
  5 spark wasps
  2 entropy weavers
  2 minotaurs
  11 deep elf annihilators
  Snorg (D:10)
  9 red draconians
  9 white draconians
  12 ettins
  7 deep elf death magi
  A blizzard demon (D:10)
  4 bunyips
  The ghost of Saozxam the Sharpshooter, a journeyman KoHu of Gozag (Lair:4)
  2 crystal guardians (Desolation)
  9 fire dragons
  3 ragged hierophants (Desolation)
  8 deep elf high priests
  8 great orbs of eyes
  A shambling mangrove (Swamp:1)
  14 yaktaur captains
  A peacekeeper (Desolation)
  5 rakshasas
  6 ice dragons
  7 salamander tyrants (Snake:4)
  A spriggan zombie (Depths:3)
  2 servants of whispers (Desolation)
  23 hydras
  A hydra (shapeshifter) (Vaults:5)
  A spriggan skeleton (Depths:2)
  5 ironbound frosthearts
  6 ogre magi
  46 vault guards
  5 boulder beetles
  12 naga warriors
  6 centaur warriors
  9 anacondas
  3 spriggan air magi
  14 two-headed ogres
  A satyr (shapeshifter) (Vaults:1)
  A death knight (D:14)
  36 dancing weapons
  9 alligators
  A catoblepas (Lair:6)
  6 tengu warriors
  An orc high priest (Orc:2)
  8 naga sharpshooters
  2 vampire magi
  3 hell hogs (Abyss:3)
  7 deep troll earth magi
  6 spriggan berserkers
  4 deep troll shamans
  Sonja (Lair:3)
  6 shock serpents
  2 storm dragon zombies (D:14)
  2 thrashing horrors
  2 fire crabs (Swamp:4)
  A soul eater (Vaults:2)
  Amaemon (D:9)
  A sun demon (Abyss:1)
  20 deep elf knights
  4 skeletal warriors
  18 spriggans
  7 hell knights
  3 wretched stars
  A spatial maelstrom (Abyss:3)
  8 iron trolls
  2 goliath frogs
  Nergalle (Lair:3)
  A shadow wraith (Vaults:4)
  A death drake (Swamp:2)
  2 salamander mystics
  10 swamp dragons
  4 spriggan druids
  66 deep trolls
  2 golden dragon zombies
  5 glowing orange brains
  4 phantasmal warriors
  12 starcursed masses
  3 naga ritualists
  7 wizards
  3 harpies (Vaults:4)
  2 flayed ghosts
  16 bog bodies
  21 ironbound convokers
  13 deep elf archers
  12 mana vipers
  A sphinx zombie (Depths:2)
  18 lindwurms
  8 necromancers
  7 orc knights
  2 oklob plants
  36 deep elf pyromancers
  26 deep elf zephyrmancers
  6 cyclopes
  7 orc sorcerers
  37 ugly things
  A manticore (D:15)
  4 shining eyes
  2 will-o-the-wisps
  15 salamanders
  3 worldbinders
  23 elephants
  6 guardian serpents
  46 black mambas
  25 moths of wrath
  2 ice statues (IceCv)
  2 rust devils (Depths:2)
  3 apocalypse crabs
  14 vault sentinels
  13 naga magi
  15 large abominations
  A torpor snail (Lair:4)
  A titan simulacrum (Depths:3)
  Joseph (D:8)
  4 smoke demons
  4 molten gargoyles
  2 cane toads (shapeshifter)
  4 eyes of devastation
  4 orange demons
  2 gargoyles
  12 cane toads
  An elf zombie (Vaults:3)
  An efreet (D:14)
  12 unseen horrors
  12 komodo dragons
  A demonic crawler (Abyss:1)
  3 minotaur zombies (Gauntlet)
  6 rime drakes
  3 entropy weaver simulacra (IceCv)
  A hellion (Depths:1)
  8 ice devils
  27 yaktaurs
  3 tengu conjurers
  2 anaconda simulacra (IceCv)
  3 kobold demonologists
  4 freezing wraiths
  6 ancient zymes
  3 hellwings
  9 trolls
  4 polar bears
  2 red devils
  7 tyrant leeches
  23 hornets
  7 blink frogs
  2 harpy skeletons
  18 saltlings
  A tengu simulacrum (Vaults:4)
  14 raiju
  An ettin zombie (Vaults:3)
  2 human simulacra
  101 slime creatures
  A dream sheep (shapeshifter) (Vaults:4)
  10 dream sheep
  2 jumping spiders
  Sigmund (D:2)
  A centaur simulacrum (D:15)
  3 vampires
  2 ynoxinuls (Abyss:1)
  A culicivora (shapeshifter) (D:14)
  45 yaks
  5 shadows
  3 dire elephant simulacra (IceCv)
  2 fire elementals (Elf:2)
  4 redbacks
  10 water elementals
  4 hogs (D:12)
  4 basilisks
  3 wraiths
  6 fire bats
  5 wyverns
  9 neqoxecs
  19 golden eyes
  A hog (shapeshifter) (D:13)
  4 chaos spawn
  5 humans (D:14)
  5 steam dragons
  4 vampire mosquitoes (D:10)
  16 swamp worms
  5 human zombies
  6 wargs
  35 nagas
  2 harpy simulacra (IceCv)
  4 acid dragons
  15 water moccasins
  3 hell hounds (Lair:6)
  24 orc warriors
  2 sky beasts (Abyss:1)
  14 swamp drakes
  3 ice beasts
  4 black bears
  2 spriggan simulacra (Depths:2)
  3 boggarts (Vaults:3)
  5 ogres
  An ogre (shapeshifter) (Vaults:5)
  13 wolves
  17 centaurs
  2 phantoms
  8 kobold brigands
  Blork the orc (D:5)
  12 bullfrogs
  5 necrophages
  2 scorpions
  2 two-headed ogre simulacra (IceCv)
  2 gnoll sergeants
  An earth elemental (Elf:3)
  A cane toad simulacrum (IceCv)
  13 small abominations
  A wight (D:7)
  8 killer bees (D:9)
  3 howler monkeys
  An electric eel (D:14)
  A crimson imp (Abyss:1)
  5 lava snakes (Lair:6)
  A hound (D:7)
  12 orc priests
  5 jellies
  An iron imp (Abyss:1)
  Natasha (thrice) (D:3)
  3 iguanas
  29 orc wizards
  5 hell rats
  A wolf simulacrum (IceCv)
  12 gnolls
  5 adders
  A shadow imp (D:8)
  21 white imps
  3 ufetubi
  A worm (D:4)
  2 dart slugs
  46 orcs
  9 ball pythons
  6 bats
  8 endoplasms
  4 giant cockroaches
  8 goblins
  8 hobgoblins
  45 kobolds
  3 quokkas
  5 frilled lizards
  10 rats
  2 plants (Zot:5)
  4 starspawn tentacles (Abyss:1)
2404 creatures vanquished.

Vanquished Creatures (collateral kills)
  A curse toe (Zot:5)
  2 golden dragons
  An electric golem (Zot:5)
  A tentacled monstrosity (Zot:1)
  2 Orb Guardians
  2 quicksilver dragons
  A titan (Vaults:5)
  A walking divine tome (Depths:2)
  A death cob (Zot:1)
  A rockslime (Slime:1)
  A frost giant (Depths:3)
  An iron dragon (Depths:4)
  3 vault wardens
  An orc warlord (Vaults:4)
  A draconian stormcaller (Zot:3)
  A purple draconian (Zot:4)
  A dire elephant (Vaults:3)
  A black draconian (Zot:4)
  A green death (Depths:1)
  A yaktaur captain (Vaults:5)
  2 fire dragons
  A ragged hierophant (Desolation)
  An ice dragon (Depths:4)
  A vault guard (Vaults:5)
  A hydra (Lair:4)
  A naga warrior (Snake:2)
  An anaconda (Snake:3)
  A deep troll shaman (Depths:2)
  An orc high priest (Orc:2)
  A tengu warrior (Depths:4)
  A large abomination (Depths:3)
  2 naga sharpshooters (Snake:4)
  A shock serpent (Snake:2)
  A deep elf knight (Elf:2)
  A skeletal warrior (D:11)
  A deep troll (Vaults:3)
  A sixfirhy (Depths:1)
  A storm dragon skeleton (D:14)
  2 naga ritualists
  An ironbound convoker (Desolation)
  An orc knight (Vaults:4)
  An orc sorcerer (Orc:2)
  A deep elf pyromancer (D:14)
  A deep elf zephyrmancer (Elf:1)
  2 mana vipers
  An elephant (Lair:6)
  A salamander (Snake:4)
  4 black mambas
  3 naga magi (Snake:4)
  A guardian serpent (Snake:4)
  2 gargoyles
  An unseen horror (Abyss:1)
  A freezing wraith (Vaults:5)
  A hornet (Swamp:1)
  2 slime creatures
  A saltling (Desolation)
  A yak (Lair:4)
  A human (D:14)
  7 nagas
  A swamp drake (Swamp:4)
  An orc warrior (Orc:2)
  An iron imp (Abyss:1)
  2 orc priests (Orc:2)
  4 orc wizards
  10 orcs
  A foxfire (D:1)
101 creatures vanquished.

Vanquished Creatures (others)
  3 acid blobs (Slime:5)
  A tengu reaver (Vaults:5)
  2 rockslimes (Slime:5)
  A vault warden (Vaults:5)
  A quicksilver ooze (Slime:5)
  A halazid warlock (Desolation)
  A red draconian (Zot:2)
  A crystal guardian (Desolation)
  A naga warrior (Snake:4)
  6 ragged hierophants (Desolation)
  A servant of whispers (Desolation)
  A great orb of eyes (Slime:5)
  2 vault guards (D:14)
  5 peacekeepers (Desolation)
  A deep elf knight (Elf:2)
  A deep troll (Vaults:4)
  A naga ritualist (Snake:2)
  5 ironbound convokers (Desolation)
  A mana viper (Snake:4)
  2 shining eyes (Slime:5)
  A moth of wrath (Zot:5)
  A salamander (Snake:4)
  2 black mambas
  A rust devil (D:6)
  4 guardian serpents (Desolation)
  35 saltlings (Desolation)
  A hell hound (Lair:6)
  2 orc warriors (Orc:2)
  4 orc wizards
  3 orcs
  A bush (Abyss:4)
  5 demonic plants
  2146 foxfires
  48 fungi
  3 pillars of salt (Zot:4)
  107 plants
  20 starspawn tentacles
2422 creatures vanquished.

Grand Total: 4927 creatures vanquished

Notes
Turn   | Place    | Note
-------+----------+-------------------------------------------
     0 | D:1      | holysushi the Demonspawn Fire Elementalist began the quest
                  | for the Orb.
     0 | D:1      | Reached XP level 1. HP: 13/13 MP: 3/3
   294 | D:1      | Gained mutation: You sometimes gain a little power by
                  | taking damage. [demonic ancestry]
   294 | D:1      | Reached XP level 2. HP: 5/19 MP: 5/5
   933 | D:1      | Found a faded altar of an unknown god.
   933 | D:1      | Noticed a hellion
  1589 | D:2      | Reached XP level 3. HP: 22/24 MP: 3/7
  1594 | D:2      | Learned a level 2 spell: Scorch
  1976 | D:2      | Noticed Sigmund
  2280 | D:2      | Killed Sigmund
  2281 | D:2      | Reached skill level 2 in Conjurations
  2281 | D:2      | Gained mutation: You have a pair of small horns on your
                  | head. [demonic ancestry]
  2281 | D:2      | Reached XP level 4. HP: 25/30 MP: 2/10
  2281 | D:2      | Reached XP level 5. HP: 29/35 MP: 2/11
  2562 | D:2      | Found a blossoming altar of Fedhas.
  2928 | D:3      | Noticed Natasha
  2933 | D:3      | Killed Natasha
  3105 | D:3      | Noticed Natasha
  3111 | D:3      | Gained mutation: You are surrounded by a mild repulsion
                  | field. (EV +2) [demonic ancestry]
  3111 | D:3      | Reached XP level 6. HP: 14/41 MP: 13/13
  3111 | D:3      | Killed Natasha
  3155 | D:3      | Noticed Natasha
  3334 | D:3      | Killed Natasha
  3335 | D:3      | Reached skill level 5 in Spellcasting
  3488 | D:3      | Found an ornate altar of the Wu Jian Council.
  3490 | D:3      | Found a hazy altar of Hepliaklqana.
  3693 | D:3      | Found a runed translucent door.
  3694 | D:3      | Noticed Crazy Yiuf
  3786 | D:3      | Found a transporter.
  3789 | D:3      | Noticed ooooo's ghost (amateur OpCj)
  3790 | D:3      | Found a transporter.
  4074 | D:4      | Found a blossoming altar of Fedhas.
  4304 | D:4      | Found a snail-covered altar of Cheibriados.
  4314 | D:4      | Learned a level 3 spell: Conjure Flame
  4319 | D:4      | Learned a level 4 spell: Flame Wave
  4717 | D:4      | Found Zin's Purification Station.
  4725 | D:4      | Bought a potion of curing for 90 gold pieces
  5046 | D:5      | Entered Level 5 of the Dungeon
  5185 | D:5      | Gained mutation: You are surrounded by a moderate repulsion
                  | field. (EV +3) [demonic ancestry]
  5185 | D:5      | Reached XP level 7. HP: 46/46 MP: 1/15
  5382 | D:5      | Found Facofyb's Antique Weapon Shop.
  5393 | D:5      | Noticed Blork the orc
  5410 | D:5      | Killed Blork the orc
  5421 | D:5      | Reached skill level 3 in Conjurations
  6434 | D:5      | Reached skill level 5 in Fire Magic
  6707 | D:5      | Reached skill level 4 in Conjurations
  6916 | D:6      | Found an iron altar of Okawaru.
  6924 | D:6      | Gained mutation: You have a pair of horns on your head.
                  | [demonic ancestry]
  6924 | D:6      | Reached XP level 8. HP: 52/52 MP: 10/16
  7694 | D:6      | Reached skill level 5 in Conjurations
  8125 | D:6      | Found a staircase to the Ecumenical Temple.
  8566 | D:6      | Found a shimmering blue altar of Sif Muna.
  8587 | Temple   | Entered the Ecumenical Temple
  8660 | Temple   | Became a worshipper of Lugonu the Unformed
  8660 | Temple   | Reached * piety under Lugonu
  8736 | D:7      | Found a burning altar of Makhleb.
  8741 | D:7      | Found a flagged portal.
  8833 | Bailey   | Entered a bailey
  8924 | Bailey   | Noticed an orc warlord
  9811 | Bailey   | Gained mutation: You have a pair of large horns on your
                  | head. [demonic ancestry]
  9811 | Bailey   | Reached XP level 9. HP: 9/57 MP: 7/17
 10677 | Bailey   | Found a runed translucent gate.
 10677 | Bailey   | Found a runed translucent gate.
 10687 | Bailey   | Found a runed translucent gate.
 10937 | D:7      | Reached skill level 5 in Dodging
 10939 | D:7      | Found Luef's General Store.
 10946 | D:7      | Bought a scroll of identify for 26 gold pieces
 10946 | D:7      | Bought a wand of paralysis (4) for 78 gold pieces
 11019 | D:7      | Reached skill level 1 in Fighting
 11380 | D:7      | Found a shimmering altar of Xom.
 11793 | D:7      | Acquired Xiawkol's Catalogue of the Postmodern Beggars
 11802 | D:7      | Learned a level 4 spell: Sticky Flame
 11981 | D:7      | Found a shimmering altar of Xom.
 11985 | D:7      | Found a shimmering altar of Xom.
 11986 | D:7      | Found a shimmering altar of Xom.
 12075 | D:7      | Found a shimmering altar of Xom.
 12079 | D:7      | Found a shimmering altar of Xom.
 12082 | D:7      | Found a shimmering altar of Xom.
 12495 | D:8      | Reached ** piety under Lugonu
 12621 | D:8      | Noticed Zeldest's ghost (novice TeGl)
 12627 | D:8      | Found a runed translucent gate.
 12681 | D:8      | Reached skill level 6 in Conjurations
 12866 | D:8      | Found a runed translucent gate.
 12866 | D:8      | Found a runed translucent gate.
 12870 | D:8      | Noticed a troll
 12940 | D:8      | Noticed Joseph
 12956 | D:8      | Killed Joseph
 13346 | D:8      | Found a viscous altar of Jiyva.
 14134 | D:9      | Gained mutation: You sometimes gain power by taking damage.
                  | [demonic ancestry]
 14134 | D:9      | Reached XP level 10. HP: 66/70 MP: 1/19
 14269 | D:9      | Noticed a two-headed ogre
 14285 | D:9      | Killed a two-headed ogre
 14286 | D:9      | Reached skill level 1 in Invocations
 14307 | D:10     | Entered Level 10 of the Dungeon
 14307 | D:10     | Noticed Amaemon
 14307 | D:10     | Noticed an orange demon
 14692 | D:9      | Identified the +1 quarterstaff of Feral Defence {vorpal,
                  | *Noise rElec rPois rN++}
 14713 | D:8      | Noticed a sun demon
 15841 | D:9      | Killed Amaemon
 15842 | D:9      | Reached skill level 7 in Conjurations
 16234 | D:9      | Identified the +1 robe "Fuoluf Turph" {rN++}
 16486 | D:9      | Gained mutation: You are powered by pain. [demonic
                  | ancestry]
 16486 | D:9      | Reached XP level 11. HP: 78/78 MP: 5/21
 16694 | D:9      | Found a large runed translucent door.
 16695 | D:9      | Found a large runed translucent door.
 16778 | D:9      | Found a staircase to the Lair.
 17029 | D:9      | Found an ancient bone altar of Kikubaaqudgha.
 17029 | D:9      | Noticed a two-headed ogre
 17042 | D:9      | Killed a two-headed ogre
 17134 | D:9      | Found a hide-covered altar of Uskayaw.
 17134 | D:9      | Noticed a two-headed ogre
 17142 | D:9      | Killed a two-headed ogre
 17250 | Lair:1   | Entered Level 1 of the Lair of Beasts
 17254 | Lair:1   | Noticed an oklob plant
 17350 | Lair:1   | Killed an oklob plant
 17351 | Lair:1   | Reached skill level 5 in Fighting
 17351 | Lair:1   | Reached skill level 5 in Invocations
 18097 | Lair:2   | Found a gate leading to a gauntlet.
 18108 | Gauntlet | Entered a Gauntlet
 18108 | Gauntlet | Found a transporter.
 18116 | Gauntlet | Found a transporter.
 18119 | Gauntlet | Found a transporter.
 18120 | Gauntlet | Found a transporter.
 18128 | Gauntlet | Noticed an oklob plant
 18131 | Gauntlet | Found a transporter.
 18132 | Gauntlet | Found a transporter.
 18132 | Gauntlet | Found a transporter.
 18142 | Gauntlet | Found a transporter.
 18143 | Gauntlet | Found a transporter.
 18144 | Gauntlet | Found a transporter.
 18150 | Gauntlet | Found a runed translucent gate.
 18150 | Gauntlet | Found a runed translucent gate.
 18150 | Gauntlet | Found a runed translucent gate.
 18152 | Gauntlet | Found a transporter.
 18155 | Gauntlet | Found a transporter.
 18156 | Gauntlet | Found a transporter.
 18164 | Gauntlet | Found a transporter.
 18168 | Gauntlet | Noticed a death drake
 18168 | Gauntlet | a culicivora changed into a death drake
 18177 | Gauntlet | a death drake changed into a dream sheep
 18262 | Gauntlet | Identified the +2 leather armour "Xeomil" {Fly Dex+2}
 18550 | Gauntlet | Killed an oklob plant
 18622 | Gauntlet | Noticed a minotaur
 18641 | Gauntlet | Killed a minotaur
 18961 | Lair:2   | Learned a level 2 spell: Poisonous Vapours
 18965 | Lair:2   | Learned a level 3 spell: Dazzling Flash
 19331 | Lair:2   | Found a hide-covered altar of Uskayaw.
 19342 | Lair:2   | Reached *** piety under Lugonu
 20227 | Lair:3   | Noticed a six-headed hydra
 20227 | Lair:3   | Found a staircase to the Swamp.
 20352 | Lair:2   | Reached XP level 12. HP: 75/91 MP: 13/24
 20437 | Lair:2   | Reached skill level 8 in Conjurations
 20691 | Lair:3   | Noticed Nergalle
 20782 | Lair:3   | Killed Nergalle
 20930 | Lair:3   | Noticed Gastronok
 21061 | Lair:2   | Killed Gastronok
 21287 | Lair:3   | Reached skill level 9 in Conjurations
 21332 | Lair:3   | Learned a level 6 spell: Starburst
 21486 | Lair:3   | Noticed Sonja
 21489 | Lair:3   | Killed Sonja
 21508 | Lair:3   | Reached skill level 10 in Fire Magic
 22015 | Lair:3   | Reached skill level 10 in Conjurations
 23434 | Lair:3   | Identified the +4 hunting sling of Uskayaw's Envy {venom,
                  | rPois rF- SInv}
 23492 | Lair:3   | Found a staircase to the Snake Pit.
 23834 | Lair:2   | Reached skill level 11 in Conjurations
 24025 | Lair:3   | Reached **** piety under Lugonu
 24369 | Lair:3   | Killed a six-headed hydra
 24370 | Lair:3   | Gained mutation: A weak demonic guardian rushes to your
                  | aid. [demonic ancestry]
 24370 | Lair:3   | Reached XP level 13. HP: 79/96 MP: 4/25
 25429 | Lair:4   | Noticed a minotaur
 25434 | Lair:4   | Noticed Saozxam's ghost (journeyman KoHu)
 25449 | Lair:4   | Found a runed translucent gate.
 25449 | Lair:4   | Found a runed translucent gate.
 25449 | Lair:4   | Found a runed translucent gate.
 26580 | Lair:4   | Reached skill level 12 in Conjurations
 26919 | Lair:4   | Got the Handbook of the Dark Entourage
 29013 | Lair:6   | Entered Level 6 of the Lair of Beasts
 29013 | Lair:6   | Found a viscous altar of Jiyva.
 29883 | Lair:6   | Found a staircase to the Slime Pits.
 30718 | Lair:6   | Gained mutation: Your hexes are more powerful. [demonic
                  | ancestry]
 30718 | Lair:6   | Reached XP level 14. HP: 101/104 MP: 11/27
 30916 | Lair:6   | Reached skill level 10 in Dodging
 31564 | Lair:6   | Reached ***** piety under Lugonu
 31691 | Lair:6   | Reached skill level 13 in Conjurations
 32188 | Lair:4   | Reached skill level 1 in Maces & Flails
 33065 | Lair:4   | Killed Saozxam's ghost
 33368 | D:10     | Noticed Snorg
 33387 | D:10     | Killed Snorg
 33649 | D:10     | Reached skill level 10 in Invocations
 33880 | D:10     | Found a sparkling altar of Nemelex Xobeh.
 35294 | D:11     | Found a staircase to the Orcish Mines.
 36402 | D:7      | Bought an orb of mayhem for 169 gold pieces
 36532 | Orc:1    | Entered Level 1 of the Orcish Mines
 36595 | Orc:1    | Found Deoffitoe's Weapon Emporium.
 36596 | Orc:1    | Found Haliwoicy's Assorted Antiques.
 36597 | Orc:1    | Found Enwaolez's Magic Scroll Emporium.
 36617 | Orc:1    | Bought a scroll of enchant armour for 97 gold pieces
 36617 | Orc:1    | Bought a scroll of magic mapping for 45 gold pieces
 36617 | Orc:1    | Bought a scroll of identify for 26 gold pieces
 36617 | Orc:1    | Bought a scroll of acquirement for 676 gold pieces
 36617 | Orc:1    | Acquired Sif Muna's Compendium of Beguiling and Attacks
 36644 | Orc:1    | Bought 3 scrolls of teleportation for 234 gold pieces
 36818 | Orc:1    | Found Puojiaph's Antique Armour Emporium.
 36826 | Orc:1    | Bought a transparent scale mail for 261 gold pieces
 36826 | Orc:1    | Identified the +0 scale mail "Pouninaa" {rPois Str-2 Dex+8}
                  | (You bought it in a shop on level 1 of the Orcish Mines)
 36829 | Orc:1    | Found a burning altar of Makhleb.
 36904 | Orc:1    | Found Icky's Armour Emporium.
 37315 | Orc:2    | Entered Level 2 of the Orcish Mines
 37355 | Orc:2    | Found a frozen archway.
 37370 | IceCv    | Entered an ice cave
 37849 | IceCv    | Reached ****** piety under Lugonu
 37880 | IceCv    | Reached skill level 1 in Staves
 37880 | IceCv    | Reached skill level 5 in Evocations
 38376 | IceCv    | Learned a level 5 spell: Freezing Cloud
 38460 | Orc:2    | Gained mutation: You are surrounded by a strong repulsion
                  | field. (EV +4, RMsl) [demonic ancestry]
 38460 | Orc:2    | Reached XP level 15. HP: 96/110 MP: 7/28
 39076 | Orc:2    | Found a staircase to the Elven Halls.
 39172 | Orc:2    | Reached skill level 1 in Ice Magic
 39625 | Orc:2    | Found Tazeq's Book Shoppe.
 39625 | Orc:2    | Found Poeg's Magic Scroll Emporium.
 39671 | Orc:2    | Found Zunod's Weapon Shoppe.
 39672 | Orc:2    | Found Rasu's Jewellery Emporium.
 39681 | Orc:2    | Bought a scroll of blinking for 105 gold pieces
 39683 | Orc:2    | Bought a scroll of enchant armour for 105 gold pieces
 39703 | Orc:2    | Bought a scroll of teleportation for 42 gold pieces
 39703 | Orc:2    | Bought a scroll of magic mapping for 49 gold pieces
 40368 | Lair:6   | Found a large runed translucent door.
 40482 | Lair:6   | Found a large runed translucent door.
 40531 | Lair:6   | Reached skill level 1 in Air Magic
 40553 | Lair:6   | Acquired a book of Fire
 40568 | Lair:6   | Learned a level 5 spell: Fireball
 40854 | D:12     | Found Emuozame's General Store.
 40857 | D:12     | Noticed Kirke
 40870 | D:12     | Killed Kirke
 40885 | D:12     | Bought a scroll of summoning for 133 gold pieces
 42115 | D:13     | You fall into a shaft and drop 2 floors!
 42115 | D:15     | Entered Level 15 of the Dungeon
 42630 | D:15     | Found a staircase to the Depths.
 44288 | D:14     | Found Mociream's Weapon Boutique.
 44325 | D:14     | Identified the +0 leather armour of Jigsaw {+Inv rPois rC-
                  | Regen+}
 44446 | D:14     | Reached skill level 10 in Spellcasting
 44689 | D:14     | Found Huupic's Assorted Antiques.
 44737 | D:14     | Reached skill level 15 in Invocations
 44824 | D:14     | Reached XP level 16. HP: 29/118 MP: 4/30
 45425 | D:14     | Identified the +7 long sword of the Blushing Coward {flame,
                  | rCorr Int+4 Dex-4}
 45855 | D:14     | Noticed a shadow dragon
 45873 | D:14     | Killed a shadow dragon
 46003 | D:14     | Noticed a tengu reaver
 46011 | D:14     | Killed a tengu reaver
 46349 | D:14     | Found a gate to the Vaults.
 46541 | Elf:1    | Entered Level 1 of the Elven Halls
 46547 | Elf:1    | Reached skill level 14 in Conjurations
 46559 | Elf:1    | Reached skill level 5 in Staves
 48757 | Snake:1  | Entered Level 1 of the Snake Pit
 49301 | Snake:1  | Found Macrixe's Armour Emporium.
 49303 | Snake:1  | Found Comelett's Magic Scroll Shoppe.
 49306 | Snake:1  | Found Osuh's Book Emporium.
 49312 | Snake:1  | Bought a scroll of blinking for 90 gold pieces
 49312 | Snake:1  | Bought a scroll of blinking for 90 gold pieces
 49312 | Snake:1  | Bought a scroll of blinking for 90 gold pieces
 49312 | Snake:1  | Bought a scroll of magic mapping for 42 gold pieces
 49745 | Snake:2  | Found Paenizer's General Store.
 50230 | Snake:2  | Found a large runed translucent door.
 50230 | Snake:2  | Found a large runed translucent door.
 50233 | Snake:2  | Found Gauhoeh's Armour Shop.
 50279 | Snake:2  | Noticed dolemite99's ghost (adept MfMo)
 50635 | Snake:2  | Reached XP level 17. HP: 116/127 MP: 17/31
 51483 | Snake:2  | Identified the ring of Tah Cyh {Ice rElec rN+ Slay+3}
 52152 | Snake:3  | Reached skill level 10 in Fighting
 52926 | Snake:3  | Found Haulaargh's Distillery.
 52930 | Snake:3  | Found Ydaskaf's Armour Emporium.
 55096 | Snake:3  | Learned a level 6 spell: Iron Shot
 55159 | Snake:4  | Entered Level 4 of the Snake Pit
 55258 | Snake:3  | Bought a potion of experience for 650 gold pieces
 55508 | Snake:4  | Reached skill level 1 in Earth Magic
 55919 | Snake:4  | Noticed a quicksilver dragon
 55919 | Snake:4  | Noticed a quicksilver dragon
 55928 | Snake:4  | Killed a quicksilver dragon
 55936 | Snake:4  | Killed a quicksilver dragon
 55938 | Snake:4  | Reached skill level 15 in Conjurations
 56650 | Snake:4  | Identified the +0 chain mail "Xasmupna" {Contam Str+2 Dex+6
                  | SInv}
 57237 | Snake:4  | Noticed Mlioglotl
 57243 | Snake:4  | Gained mutation: Your melee attacks may debilitate your
                  | foes. [demonic ancestry]
 57243 | Snake:4  | Reached XP level 18. HP: 31/136 MP: 33/33
 57243 | Snake:4  | HP: 6/136 [naga mage/+0 spear (5)]
 57725 | Snake:4  | Got a serpentine rune of Zot
 58380 | Swamp:1  | Entered Level 1 of the Swamp
 58814 | Swamp:1  | Reached skill level 1 in Shields
 58890 | Swamp:1  | Found a sacrificial altar of Ru.
 58916 | Swamp:1  | Reached skill level 5 in Earth Magic
 58933 | Swamp:1  | Reached XP level 19. HP: 142/142 MP: 34/34
 60731 | Swamp:2  | Found a runed translucent door.
 60733 | Swamp:2  | Noticed Zomibl Ceupp's ghost (adept OpMo)
 61105 | Swamp:2  | Reached skill level 1 in Armour
 62344 | Swamp:4  | Entered Level 4 of the Swamp
 63636 | Swamp:4  | Noticed Bai Suzhen
 63650 | Swamp:3  | Killed Bai Suzhen
 65389 | Swamp:4  | Got a decaying rune of Zot
 65672 | Elf:1    | Gained mutation: A demonic guardian rushes to your aid.
                  | [demonic ancestry]
 65672 | Elf:1    | Reached XP level 20. HP: 148/149 MP: 25/37
 66032 | Elf:2    | Found Hemiyzal's General Store.
 66290 | Elf:2    | Reached skill level 5 in Armour
 66339 | Elf:2    | Found a crumbling gateway.
 66370 | Desolati | Entered the Desolation of Salt
 66913 | Desolati | Corrupted Desolation
 66913 | Desolati | Noticed a bone dragon
 66913 | Desolati | Noticed a bone dragon
 66921 | Desolati | Noticed a bone dragon
 67565 | Desolati | Identified the +4 ring mail "Agikh" {+Inv}
 67566 | Desolati | Identified the ring "Gaunif" {Fire +Blink rPois Str+7
                  | Int-4}
 67670 | Desolati | Identified the ring of Megalomania {Will+ Str+5}
 67773 | Desolati | Got the Reference Book on Ice and Poison
 67847 | Desolati | Got the Reference Book on Supportive Cold
 68509 | Elf:2    | Reached skill level 16 in Conjurations
 68891 | Elf:2    | Found a runed translucent gate.
 68892 | Elf:2    | Found a runed translucent gate.
 68892 | Elf:2    | Found a runed translucent gate.
 70393 | Elf:3    | Entered Level 3 of the Elven Halls
 71573 | Elf:3    | Found a radiant altar of Vehumet.
 72200 | Elf:3    | Found a radiant altar of Vehumet.
 72559 | Elf:3    | Identified a +9 quick blade of distortion (a +7 quick blade
                  | corrupted by Lugonu)
 72559 | Elf:3    | Received a gift from Lugonu
 74112 | Elf:3    | Found a radiant altar of Vehumet.
 74229 | Elf:3    | Reached XP level 21. HP: 155/155 MP: 22/39
 74331 | Elf:3    | Identified the +9 spear "Donoub" {venom, Drain Will+ Dex+3
                  | Stlth+}
 74353 | Elf:3    | Reached skill level 17 in Conjurations
 74840 | Elf:3    | Identified the +0 plate armour "Zecuv" {rElec rCorr Str-2
                  | Slay+6}
 74853 | Elf:3    | Found the +6 arbalest "Damnation" {damnation}
 75253 | Snake:2  | Bought the +0 pair of boots of Action {rF+ Will+ Int+4
                  | SInv} for 697 gold pieces
 75800 | D:13     | Noticed Rupert
 75807 | D:13     | Killed Rupert
 75932 | D:13     | Reached skill level 15 in Spellcasting
 76135 | D:13     | Got the Volume of Earthen Feathers
 76741 | Slime:1  | Entered Level 1 of the Pits of Slime
 78887 | Slime:5  | Entered Level 5 of the Pits of Slime
 78892 | Slime:5  | Reached skill level 10 in Staves
 81746 | Slime:5  | Noticed the Royal Jelly
 81747 | Slime:5  | Found a viscous altar of Jiyva.
 81760 | Slime:5  | Corrupted Slime:5
 81761 | Slime:5  | Killed the Royal Jelly
 82255 | Slime:5  | Got Sif Muna's Incunabulum of Poisoning and Stones
 82350 | Slime:5  | Got a slimy rune of Zot
 82353 | Slime:5  | Identified the ring of Faet {rCorr Dex+5}
 82923 | Vaults:1 | Entered Level 1 of the Vaults
 82930 | Vaults:1 | Learned a level 5 spell: Yara's Violent Unravelling
 82948 | Vaults:1 | Reached skill level 1 in Hexes
 83688 | Vaults:1 | Reached XP level 22. HP: 139/165 MP: 36/41
 86202 | Orc:2    | Bought a manual of Armour for 960 gold pieces
 86513 | Vaults:1 | Reached skill level 18 in Conjurations
 86580 | Vaults:1 | Reached skill level 5 in Hexes
 86837 | Vaults:2 | Found a staircase to the Crypt.
 87356 | Vaults:2 | Got Ladou's Compendium of Quantum Curses
 87366 | Vaults:2 | Learned a level 8 spell: Discord
 87455 | Vaults:2 | Found Zetear Wyuq's Distillery.
 87459 | Vaults:2 | Bought 2 potions of heal wounds for 210 gold pieces
 87459 | Vaults:2 | Bought a potion of brilliance for 84 gold pieces
 87925 | Vaults:2 | Reached skill level 5 in Air Magic
 87960 | Vaults:2 | Reached skill level 5 in Ice Magic
 89660 | Vaults:3 | Reached XP level 23. HP: 140/174 MP: 43/43
 89852 | Vaults:3 | Reached skill level 10 in Armour
 90023 | Vaults:3 | Identified the +9 broad axe of Grim Tenacity {venom, *Noise
                  | Will++ Stlth+}
 91243 | Vaults:3 | Found a huge runed gate.
 91355 | Vaults:3 | Found a huge runed gate.
 91355 | Vaults:3 | Found a huge runed gate.
 91355 | Vaults:3 | Found a huge runed gate.
 91356 | Vaults:3 | Found a huge runed gate.
 91356 | Vaults:3 | Found a huge runed gate.
 91356 | Vaults:3 | Found a huge runed gate.
 91356 | Vaults:3 | Found a huge runed gate.
 91357 | Vaults:3 | Found a huge runed gate.
 91357 | Vaults:3 | Found a huge runed gate.
 91357 | Vaults:3 | Found a huge runed gate.
 91357 | Vaults:3 | Found a huge runed gate.
 91357 | Vaults:3 | Found a huge runed gate.
 91358 | Vaults:3 | Found a huge runed gate.
 91359 | Vaults:3 | Found a huge runed gate.
 91360 | Vaults:3 | Found a huge runed gate.
 91362 | Vaults:3 | Found a huge runed gate.
 91371 | Vaults:3 | Found a huge runed gate.
 91371 | Vaults:3 | Found a huge runed gate.
 91371 | Vaults:3 | Found a huge runed gate.
 91371 | Vaults:3 | Found a huge runed gate.
 91371 | Vaults:3 | Found a huge runed gate.
 91371 | Vaults:3 | Found a huge runed gate.
 91371 | Vaults:3 | Found a huge runed gate.
 91381 | Vaults:3 | Found a huge runed gate.
 91382 | Vaults:3 | Found a huge runed gate.
 91390 | Vaults:3 | Found a huge runed gate.
 91390 | Vaults:3 | Found a huge runed gate.
 91390 | Vaults:3 | Found a huge runed gate.
 91390 | Vaults:3 | Found a huge runed gate.
 91390 | Vaults:3 | Found a huge runed gate.
 91390 | Vaults:3 | Found a huge runed gate.
 91391 | Vaults:3 | Found a huge runed gate.
 91392 | Vaults:3 | Found a huge runed gate.
 91393 | Vaults:3 | Found a huge runed gate.
 91402 | Vaults:3 | Found a huge runed gate.
 91698 | Vaults:3 | Found the +13 scythe of Curses {drain, Drain}
 92033 | Vaults:3 | HP: 7/175 [war gargoyle/spray of metal splinters (29)]
 92415 | Vaults:3 | Identified the +1 robe "Ybeph" {Will++ SInv Stlth+
                  | Archmagi}
 92657 | Vaults:4 | Identified the +3 tower shield "Koged" {Rampage rPois
                  | Int-3}
 92657 | Vaults:4 | Noticed Mennas
 95043 | Vaults:4 | Identified the +6 lajatang "Kuweti" {venom, rF+ Str+4 SInv}
 95949 | Vaults:4 | Killed Mennas
 96500 | Vaults:2 | Reached skill level 15 in Dodging
 96631 | Depths:1 | Entered Level 1 of the Depths
 96636 | Depths:1 | Found a one-way gate leading to the halls of Pandemonium.
 96648 | Depths:1 | Gained mutation: You do not regenerate when monsters are
                  | visible. [a neqoxec]
 97475 | Depths:1 | Identified the +0 scimitar of Juonyscho {freeze, Dex+7}
 97488 | Depths:1 | Lost mutation: You do not regenerate when monsters are
                  | visible. [potion of mutation]
 97488 | Depths:1 | Gained mutation: Your magical capacity is low. (-10% MP)
                  | [potion of mutation]
 97488 | Depths:1 | Gained mutation: You expend magic power (3 MP) to
                  | strengthen your wands. [potion of mutation]
 97489 | Depths:1 | Lost mutation: You expend magic power (3 MP) to strengthen
                  | your wands. [potion of mutation]
 97489 | Depths:1 | Lost mutation: Your magical capacity is low. (-10% MP)
                  | [potion of mutation]
 97489 | Depths:1 | Gained mutation: Your body sometimes deteriorates upon
                  | taking damage. [potion of mutation]
 97489 | Depths:1 | Gained mutation: You are agile. (Dex +2) [potion of
                  | mutation]
 97495 | Depths:1 | Lost mutation: Your body sometimes deteriorates upon taking
                  | damage. [potion of mutation]
 97495 | Depths:1 | Lost mutation: You are agile. (Dex +2) [potion of mutation]
 97495 | Depths:1 | Gained mutation: You sometimes lose the ability to read
                  | scrolls when taking damage. [potion of mutation]
 97496 | Depths:1 | Lost mutation: You sometimes lose the ability to read
                  | scrolls when taking damage. [potion of mutation]
 97496 | Depths:1 | Gained mutation: You are dopey. (Int -2) [potion of
                  | mutation]
 97496 | Depths:1 | Gained mutation: Your spells are a little harder to cast,
                  | but a little more powerful. [potion of mutation]
 97496 | Depths:1 | Gained mutation: You are weak. (Str -2) [potion of
                  | mutation]
 97496 | Depths:1 | Gained mutation: Your flesh is heat resistant. (rF+)
                  | [potion of mutation]
 97525 | Depths:1 | Found a gateway to Hell.
 97903 | Depths:1 | Found a one-way gateway to a ziggurat.
 98256 | Depths:2 | Found a bloodstained altar of Trog.
 98273 | Depths:2 | Reached XP level 24. HP: 121/185 MP: 41/44
 98898 | Depths:2 | Lost mutation: Your spells are a little harder to cast, but
                  | a little more powerful. [potion of mutation]
 98898 | Depths:2 | Lost mutation: You are weak. (Str -2) [potion of mutation]
 98898 | Depths:2 | Lost mutation: Your flesh is heat resistant. (rF+) [potion
                  | of mutation]
 98898 | Depths:2 | Gained mutation: Potions are less effective at restoring
                  | your health. [potion of mutation]
 98898 | Depths:2 | Gained mutation: You have hidden genetic potential. [potion
                  | of mutation]
 99165 | Depths:2 | Identified the ring of Sounk {rC- MP+9 Int+4 Dex+3 Stlth+}
100597 | Depths:3 | Found a one-way gate to the infinite horrors of the Abyss.
100664 | Depths:3 | Reached skill level 15 in Fire Magic
101551 | Depths:3 | Noticed a juggernaut
101560 | Depths:3 | Killed a juggernaut
102282 | Depths:3 | Voluntarily entered the Abyss.
102632 | Depths:3 | Escaped the Abyss
103185 | Depths:3 | Noticed Boris
103195 | Depths:3 | Killed Boris
104279 | Depths:3 | Learned a level 8 spell: Ignition
104306 | Depths:3 | Lost mutation: Potions are less effective at restoring your
                  | health. [potion of mutation]
104306 | Depths:3 | Lost mutation: You have hidden genetic potential. [potion
                  | of mutation]
104306 | Depths:3 | Gained mutation: You are robust. (+10% HP) [potion of
                  | mutation]
104306 | Depths:3 | Gained mutation: You possess an exceptional clarity of
                  | mind. [potion of mutation]
104306 | Depths:3 | Lost mutation: You are dopey. (Int -2) [potion of mutation]
104360 | Depths:4 | Entered Level 4 of the Depths
104391 | Depths:4 | Noticed Margery
104791 | Depths:4 | Killed Margery
104990 | Depths:4 | Found a shadowy altar of Dithmenos.
105194 | Depths:4 | Found a gate to the Realm of Zot.
106284 | Depths:4 | Gained mutation: You are surrounded by an aura of silence.
                  | [demonic ancestry]
106284 | Depths:4 | Reached XP level 25. HP: 77/210 MP: 1/44
106834 | Depths:4 | Noticed Parghit
107356 | Vaults:5 | Entered Level 5 of the Vaults
108660 | Vaults:5 | Identified the +2 robe "Xemiush" {rPois Regen+}
109091 | Vaults:5 | Noticed an ancient lich
109332 | Vaults:5 | Identified the +11 hand axe of Experimentation {vorpal,
                  | rCorr}
109387 | Vaults:5 | Killed an ancient lich
109824 | Vaults:5 | Got the Tome of the Noxious Glacier
109933 | Vaults:5 | Reached skill level 1 in Transmutations
110123 | Vaults:5 | Identified the +0 pair of gloves "Keuvangy" {rF+}
110146 | Vaults:5 | Found the +2 hood of the Assassin {Detection Stab+ Stlth++}
111162 | Vaults:5 | Identified the +1 ring mail "Qutoej" {rElec rC- rCorr}
111431 | Vaults:5 | Got a silver rune of Zot
112194 | Depths:3 | Voluntarily entered the Abyss.
112543 | Abyss:1  | Paralysed by you for 7 turns
113078 | Abyss:3  | Gained mutation: A powerful demonic guardian rushes to your
                  | aid. [demonic ancestry]
113078 | Abyss:3  | Reached XP level 26. HP: 108/178 MP: 1/45
113078 | Abyss:3  | Reached XP level 27. HP: 111/183 MP: 1/45
113078 | Abyss:3  | Got an abyssal rune of Zot
113084 | Abyss:3  | Lost mutation: You are robust. (+10% HP) [a shining eye]
113143 | Abyss:3  | Found a corrupted altar of Lugonu.
113300 | Abyss:3  | Gained mutation: You are extremely frail. (-30% HP) [a
                  | neqoxec]
113313 | Depths:3 | Escaped the Abyss
113705 | Depths:4 | Noticed Frederick
113711 | Depths:4 | Killed Frederick
114456 | Zot:1    | Entered Level 1 of the Realm of Zot
114566 | Zot:1    | Lost mutation: You are frail. (-10% HP) [potion of
                  | mutation]
114566 | Zot:1    | Lost mutation: You possess an exceptional clarity of mind.
                  | [potion of mutation]
114566 | Zot:1    | Gained mutation: You are frail. (-10% HP) [potion of
                  | mutation]
114566 | Zot:1    | Gained mutation: Your natural rate of healing is unusually
                  | fast. [potion of mutation]
114569 | Zot:1    | Lost mutation: Your natural rate of healing is unusually
                  | fast. [potion of mutation]
114569 | Zot:1    | Lost mutation: You are frail. (-10% HP) [potion of
                  | mutation]
114569 | Zot:1    | Gained mutation: Your body sometimes deteriorates upon
                  | taking damage. [potion of mutation]
114569 | Zot:1    | Gained mutation: Your mind is acute. (Int +2) [potion of
                  | mutation]
115149 | Zot:1    | Found the +0 mask of the Dragon {Will+ Slay+3 SInv}
115176 | Zot:1    | Found a transporter.
115450 | Zot:1    | Found a transporter.
115468 | Zot:1    | Acquired 679 gold pieces
115470 | Zot:1    | Acquired 735 gold pieces
115961 | Zot:1    | Learned a level 5 spell: Irradiate
119309 | Zot:3    | Reached skill level 5 in Stealth
119982 | Zot:3    | Identified the +1 pair of gloves of Cowardice {-Tele rElec
                  | Will++ Regen+}
120006 | Zot:3    | Found the +8 Vampire's Tooth {vamp}
122725 | Zot:4    | Reached skill level 15 in Fighting
123257 | Zot:4    | Noticed an orb of fire
123273 | Zot:4    | Gained mutation: Armour fits poorly on your strangely
                  | shaped body. [an orb of fire]
123278 | Zot:4    | Gained mutation: Potions are less effective at restoring
                  | your health. [an orb of fire]
123279 | Zot:4    | Gained mutation: You sometimes lose the ability to read
                  | scrolls when taking damage. [an orb of fire]
123283 | Zot:4    | Gained mutation: Your body often deteriorates upon taking
                  | damage. [an orb of fire]
123286 | Zot:4    | Killed an orb of fire
123287 | Zot:4    | Reached skill level 10 in Hexes
124636 | Zot:4    | Found a shimmering altar of Xom.
124636 | Zot:4    | Found a shimmering altar of Xom.
124636 | Zot:4    | Found a shimmering altar of Xom.
124653 | Zot:4    | Found a shimmering altar of Xom.
125930 | Zot:5    | Entered Level 5 of the Realm of Zot
127526 | Zot:5    | Noticed an ancient lich
127544 | Zot:5    | Killed an ancient lich
127547 | Zot:5    | Reached skill level 19 in Conjurations
127960 | Zot:5    | Noticed an ancient lich
127962 | Zot:5    | Noticed an ancient lich
127962 | Zot:5    | Noticed an orb of fire
127963 | Zot:5    | Gained mutation: Your magical capacity is low. (-10% MP)
                  | [an orb of fire]
127982 | Zot:5    | Killed an ancient lich
128127 | Zot:5    | Noticed a dread lich
128130 | Zot:5    | Killed an ancient lich
128139 | Zot:5    | Noticed an ancient lich
128145 | Zot:5    | Killed a dread lich
128152 | Zot:5    | Killed an ancient lich
128395 | Zot:5    | Noticed an orb of fire
128408 | Zot:5    | Killed an orb of fire
128409 | Zot:5    | Reached skill level 20 in Conjurations
129214 | Zot:5    | Noticed an orb of fire
129230 | Zot:5    | Lost mutation: Your mind is acute. (Int +2) [an orb of
                  | fire]
129234 | Zot:5    | Killed an orb of fire
129350 | Zot:5    | Noticed an ancient lich
129357 | Zot:5    | Killed an ancient lich
129792 | Zot:5    | Noticed a dread lich
129895 | Zot:5    | Killed an orb of fire
129896 | Zot:5    | Reached skill level 21 in Conjurations
129902 | Zot:5    | Killed a dread lich
130438 | Zot:5    | Noticed an ancient lich
130443 | Zot:5    | Killed an ancient lich
131299 | Zot:5    | Noticed an orb of fire
131305 | Zot:5    | Gained mutation: You are occasionally teleported next to
                  | monsters. [an orb of fire]
131306 | Zot:5    | Killed an orb of fire
132021 | Zot:5    | Lost mutation: Your magical capacity is low. (-10% MP)
                  | [potion of mutation]
132021 | Zot:5    | Lost mutation: Your body often deteriorates upon taking
                  | damage. [potion of mutation]
132021 | Zot:5    | Lost mutation: You sometimes lose the ability to read
                  | scrolls when taking damage. [potion of mutation]
132021 | Zot:5    | Gained mutation: You are clumsy. (Dex -2) [potion of
                  | mutation]
132022 | Zot:5    | Lost mutation: You are clumsy. (Dex -2) [potion of
                  | mutation]
132022 | Zot:5    | Lost mutation: Your body sometimes deteriorates upon taking
                  | damage. [potion of mutation]
132022 | Zot:5    | Lost mutation: You are occasionally teleported next to
                  | monsters. [potion of mutation]
132022 | Zot:5    | Gained mutation: Your spells are a little harder to cast,
                  | but a little more powerful. [potion of mutation]
132068 | Zot:5    | Got the Orb of Zot
132337 | Depths:4 | Reached skill level 22 in Conjurations
132711 | D:15     | Noticed Xegous the pandemonium lord
132866 | D:11     | Noticed Amyrghiq the pandemonium lord
132899 | D:11     | Gained mutation: You are frail. (-10% HP) [a neqoxec]
132906 | D:11     | Gained mutation: You tend to lose your temper in combat. [a
                  | neqoxec]
132907 | D:11     | Gained mutation: You sometimes lose the ability to read
                  | scrolls when taking damage. [a neqoxec]
133088 | D:6      | Noticed Sunumiel the pandemonium lord
133291 | D:6      | Escaped the Abyss
133378 | D:5      | Bought the +7 Singing Sword {vorpal, sonic wave} for 2600
                  | gold pieces
133378 | D:5      | Found the +7 Singing Sword {vorpal, sonic wave}
133801 | D:6      | Cast into level 3 of the Abyss (profane servitor)
133975 | Abyss:5  | Entered Level 5 of the Abyss
134025 | D:6      | Escaped the Abyss
134053 | D:4      | Killed from afar by a blizzard demon

Illustrated notes

Levels and vault maps discovered:
D:1:      nagdon_arrival_zigzag_paths, layout_basic,
          dreamdust_ecumenical_altar_sealed_demon, columned_hall_lemuel,
          due_unseen_surprise
D:2:      layout_rooms, basic_altar, minmay_bisected, uniq_sigmund
D:3:      layout_basic, chequers_temple_overflow_statue_of_worship,
          gammafunk_ghost_mausoleum, uniq_natasha, uniq_crazy_yiuf_cottage
D:4:      layout_loops_ring, nicolae_overflow_crystal_walls, zin_purify,
          fedhas_altar_3
D:5:      layout_loops_ring, serial_shops, nicolae_take_the_stairs,
          hangedman_glass_teeth, uniq_blork_the_orc
D:6:      layout_basic, led_sif_pool, okawaru_trees_1,
          minmay_temple_entry_sparse_star
D:7:      layout_basic, mainiacjoe_overflow_alcove_2, nicolae_xom_altar_mimics,
          enter_bailey_2, serial_shops, shop, kennysheep_generic_room_6
D:8:      layout_layer_cave, kennysheep_mini_moat, gammafunk_ghost_split,
          serial_bayou_pond_d, jiyva_altar_1, uniq_joseph
D:9:      lemuel_troll_bridge, layout_rooms, jmf_multi_god_temple2,
          grunt_lair_entry_orc_guard_hut, minmay_parallelograms
D:10:     layout_stronghold, nicolae_overflow_hidden_temple, uniq_amaemon,
          uniq_snorg
D:11:     layout_gridville, minmay_orc_entry_guard_dogs
D:12:     minmay_stepped, layout_rooms, nicolae_stop_n_shop_2, uniq_kirke
D:13:     layout_loops_ring, minmay_radiant, uniq_rupert
D:14:     nzn_winding_woodlands_cross
          [nzn_winding_woodlands_5x15_river_crossing,
          nzn_winding_woodlands_5x15_pockets,
          nzn_winding_woodlands_5x15_default, nzn_winding_woodlands_5x15_jagged,
          nzn_winding_woodlands_15x15_thick_spiral], layout_loops_ring,
          ximxim_vaults_locker_room, chequers_serial_rivers_micro_d,
          serial_shops, nicolae_stop_n_shop_1, shop, hangedman_decor_slide_cut
D:15:     grunt_enter_depths_snipers, layout_stronghold,
          roderic_cross_of_infinity
Temple:   corrupted_temple
Lair:1:   layout_chaotic_city, serial_bayou_pond_c
Lair:2:   layout_regular_city, nicolae_volcano_entry_hallway,
          gauntlet_entry_generic, lemuel_centaur_altar
Lair:3:   layout_chaotic_city, minmay_swamp_entry_reptiles,
          guppyfry_snake_entry_garden, hangedman_lair_generics_rect,
          uniq_gastronok, uniq_sonja, uniq_nergalle
Lair:4:   cheibrodos_lair_overgrown_chateau, layout_misc_corridors,
          maelrawn_ghost_gauntlet_escape, bobbens_ice_dragon_lair
Lair:5:   layout_gridlike, serial_rivers, chequers_serial_rivers_micro_a,
          chequers_serial_rivers_room_a, chequers_serial_rivers_marsh,
          chequers_serial_rivers_micro_e, chequers_serial_rivers_micro_e,
          chequers_serial_rivers_micro_a, lemuel_fruit_tree
Lair:6:   cheibrodos_lair_end_hotspot, layout_hall_layers, slime_altar_1,
          infiniplex_staircase_pool
Swamp:1:  layout_basic_swamp, basic_altar, swamp_pool4,
          nicolae_swamp_soggy_hallways
Swamp:2:  layout_basic_swamp, ebering_ghost_inner_flame,
          evilmike_swamp_ruin_house_4, hangedman_swamp_ravenous
Swamp:3:  layout_falls_marsh, evilmike_swamp_ruin_wall, nicolae_swamp_stair_fork
Swamp:4:  swamp_fiery, layout_basic_swamp, uniq_bai_suzhen
Snake:1:  layout_misc_corridors, minmay_shop_star
Snake:2:  layout_rooms, serial_shops, nicolae_diamond_shop, shop,
          ebering_ghost_disaster_area
Snake:3:  layout_onion, hangedman_snake_sidewinding, minmay_shoptagon
Snake:4:  hellmonk_snake_rune_quicksilver_temple, layout_basic, basic_altar,
          uniq_mlioglotl
Slime:1:  layout_caves, nicolae_slime_barrier
Slime:2:  layout_caves
Slime:3:  layout_caves
Slime:4:  layout_caves
Slime:5
Orc:1:    layout_caves, serial_shops, nicolae_shop_hallway_stairs, shop_statue,
          shop, shop, nicolae_shop_hallway_plus, bloody_makhleb
Orc:2:    st_orc_mages, layout_diamond_mine, portal_ice_cave_entry_imps
Elf:1:    layout_loops_corners, hangedman_elven_crosses_minicolossus
Elf:2:    nicolae_elf_blades_crystal_corner, layout_loops_cross,
          portal_desolation_entry_nicolae_nacl, serial_shops, shop,
          nicolae_elf_archery_training
Elf:3:    elf_hall, layout_onion_city, amcnicky_mini_corridor_feature,
          guppyfry_elf_altar
Vaults:1: v_misc_26, hangedman_vaults_snaps, vaults_dpeg_encased_lava,
          nicolae_vaults_three_branches, nicolae_vaults_c_with_doors,
          vaults_mumra_chevron, hangedman_vaults_locks, hangedman_vaults_stream,
          vaults_room_grunt_arrival_ludios, grunt_vaults_hallway_short,
          layout_vaults_ring
Vaults:2: minmay_crypt_entry_simple_round, vaults_room_hallway,
          nicolae_vaults_meeting, ontoclasm_vaults_misaligned, v_misc_29,
          serial_ice_g, grunt_vaults_hallway_short, dpeg_vaults_monster_row,
          layout_vaults_chaotic_city, serial_shops, nicolae_shop_trees
Vaults:3: vaults_dpeg_doors, ontoclasm_vaults_spin, v_misc_14,
          grunt_vaults_trifunnel, vaults_room_hallway, vaults_room_fancy_cross,
          grunt_vaults_focal, vaults_standard_mumra_enter_the_diamond,
          v_pattern_4, door_vault, ontoclasm_vaults_claustrophobia,
          vaults_dpeg_hooks, hangedman_vaults_trim, hangedman_vaults_cutoff,
          nicolae_vaults_diagonal_hallway_8, ontoclasm_vaults_pinch,
          layout_vaults_omnibox
Vaults:4: nicolae_vaults_stairing_the_circle, nicolae_vaults_branching_niches,
          v_misc_13, nicolae_vaults_little_squares_1, v_pattern_2,
          grunt_vaults_swirl, vaults_room_pools, layout_vaults_omnigrid,
          uniq_mennas
Vaults:5
Depths:1: layout_roguey, enter_ziggurat_e, hell_entry, rand_demon_pan_entry_3,
          elyvilon_altar_4, nicolae_two_hexagons, due_unseen_surprise
Depths:2: minmay_the_grid_square_5x5_3x3 [minmay_the_grid_square_5x5_minibox,
          minmay_the_grid_square_5x5_one_wall,
          minmay_the_grid_square_5x5_misaligned,
          minmay_the_grid_square_5x5_tri_point,
          minmay_the_grid_square_5x5_megaprize_hollow,
          minmay_the_grid_square_5x5_comb, minmay_the_grid_square_5x5_six_small,
          minmay_the_grid_square_5x5_shrine2,
          minmay_the_grid_square_5x5_bridge], layout_long_grid,
          grunt_pan_entry_sceptre, bloody_trog, hell_entry,
          infiniplex_staircase_squiggle, firewood_loft
Depths:3: evilmike_diamond_2, layout_cave_pools, hell_entry,
          minmay_room_of_horrors, infiniplex_staircase_zigzag_1, uniq_boris
Depths:4: grunt_zot_entry_tricorne, layout_gridlike,
          grunt_dithmenos_smoke_and_mirrors, hell_entry,
          kennysheep_random_hallway, uniq_parghit, uniq_frederick, uniq_margery
Zot:1:    layout_misc_corridors, chequers_guarded_unrand_mask_of_the_dragon
Zot:2:    layout_gridville, grunt_megastairs_3
Zot:3:    kennysheep_oblong_rooms, layout_misc_corridors, skrybe_zot_glass_3
Zot:4:    dreamdust_zin_vs_xom, layout_onion_interference, grunt_ministairs_4,
          st_stairs_7, bh_zot_levy_curve
Zot:5:    layout_twisted_circle, nicolae_zot_crop_circle

Skill      XL: |  1  2  3  4  5  6  7  8  9 10 11 12 13 14 15 16 17 18 19 20 21 22 23 24 25 26 27 |
---------------+----------------------------------------------------------------------------------+-----
Spellcasting   | 3 4 5 6 7 8 9 10 11 13 14 15 16 17 18 19 | 19.4
Fire Magic     | 4 5 6 7 8 9 10 11 12 14 17 19 20 | 20.0
Conjurations   | 2 4 5 6 7 11 12 13 14 15 16 17 18 22 | 22.3
Dodging        | 2 3 4 5 6 8 9 10 11 12 13 14 15 16 18 | 18.0
Evocations     | 3 5 6 7 9 |  9.0
Fighting       | 3 4 7 8 9 10 12 14 15 | 15.2
Invocations    | 4 5 7 12 15 | 15.0
Maces & Flails | 2 |  2.0
Stealth        | 4 6 |  6.7
Staves         | 1 4 6 9 10 11 | 11.9
Ice Magic      | 2 3 4 5 |  5.7
Air Magic      | 2 4 5 |  5.7
Earth Magic    | 2 5 8 9 |  9.7
Shields        | 4 |  4.8
Armour         | 4 8 9 10 | 10.8
Hexes          | 2 5 7 10 | 10.0
Transmutations | 2 |  2.0

Action                   |  1- 3 |  4- 6 |  7- 9 | 10-12 | 13-15 | 16-18 | 19-21 | 22-24 | 25-27 || total
-------------------------+-------+-------+-------+-------+-------+-------+-------+-------+-------++-------
Melee: Dagger            |    22 |    27 |    30 |       |       |       |       |       |       ||    79
       Headbutt          |       |     6 |    11 |    15 |    85 |    64 |   150 |   336 |   204 ||   871
       Punch             |       |     1 |     1 |       |     2 |       |       |       |       ||     4
       Demon whip        |       |       |    21 |    55 |    43 |       |       |       |       ||   119
       Staff             |       |       |       |       |   195 |   255 |   435 |   862 |   561 ||  2308
 Cast: Foxfire           |    75 |   144 |   250 |   283 |   444 |    24 |    53 |     9 |       ||  1282
       Scorch            |     1 |       |    42 |    92 |   255 |    89 |    86 |    43 |     1 ||   609
       Flame Wave        |       |     1 |       |    18 |    38 |       |     1 |     1 |     1 ||    60
       Conjure Flame     |       |       |     8 |       |    22 |    30 |     6 |     3 |       ||    69
       Sticky Flame      |       |       |     3 |    53 |   125 |    52 |    30 |    21 |     1 ||   285
       Dazzling Flash    |       |       |       |     1 |     3 |       |       |       |       ||     4
       Starburst         |       |       |       |     2 |   101 |    72 |   210 |   113 |   356 ||   854
       Poisonous Vapours |       |       |       |     1 |     4 |       |    14 |     3 |       ||    22
       Freezing Cloud    |       |       |       |       |    18 |   110 |    88 |   206 |    25 ||   447
       Fireball          |       |       |       |       |     8 |    54 |   167 |     8 |       ||   237
       Iron Shot         |       |       |       |       |       |     5 |   161 |   294 |   379 ||   839
       Ignition          |       |       |       |       |       |       |       |       |    30 ||    30
       Irradiate         |       |       |       |       |       |       |       |       |    19 ||    19
Invok: Bend Space        |       |       |       |       |       |     1 |       |       |     7 ||     8
       Corrupt           |       |       |       |       |       |       |     2 |       |       ||     2
       Brand Weapon With |       |       |       |       |       |       |     1 |       |       ||     1
       Depart the Abyss  |       |       |       |       |       |       |       |     1 |     2 ||     3
       Enter the Abyss   |       |       |       |       |       |       |       |       |     1 ||     1
Evoke: Wand              |       |       |     1 |    10 |    14 |     2 |     2 |    11 |    10 ||    50
       Phial of floods   |       |       |       |       |     1 |     2 |     3 |     2 |     3 ||    11
       Box of beasts     |       |       |       |       |       |     2 |     1 |     3 |       ||     6
       Lightning rod     |       |       |       |       |       |     1 |     4 |     1 |       ||     6
       Phantom mirror    |       |       |       |       |       |       |     1 |     2 |       ||     3
       Condenser vane    |       |       |       |       |       |       |       |     2 |     2 ||     4
  Use: Scroll            |     4 |     1 |    19 |    13 |    17 |     6 |     4 |     6 |    14 ||    84
       Potion            |     1 |       |     2 |     3 |     3 |     4 |     4 |    16 |    19 ||    52
 Stab: Sleeping          |     1 |       |     1 |     1 |     1 |       |       |     1 |     2 ||     7
       Paralysed         |       |       |       |       |     9 |       |       |       |     8 ||    17
       Distracted        |       |       |       |       |     2 |       |     1 |       |     5 ||     8
Armor: Robe              |    12 |     5 |    22 |    18 |       |       |       |       |    11 ||    68
       Troll leather arm |       |       |       |    20 |       |       |       |       |       ||    20
       Steam dragon scal |       |       |       |    22 |   167 |    67 |     1 |       |       ||   257
       Quicksilver drago |       |       |       |       |       |       |   180 |   219 |   261 ||   660
Dodge: Dodged            |    27 |    21 |   128 |   452 |  1051 |   636 |   733 |   934 |  1122 ||  5104
       Repelled          |       |       |       |       |     5 |    28 |    35 |    17 |    39 ||   124
Block: Buckler           |       |       |       |       |       |       |   193 |   333 |   275 ||   801

Table legend: (Time is in decaauts)
 A = Elapsed time spent in this place.
 B = Non-inter-level travel time spent in this place.
 C = Inter-level travel time spent in this place.
 D = Time resting spent in this place.
 E = Time spent auto-exploring this place.
 F = Levels seen in this place.
 G = Mean time per level.
                   A        B        C        D        E       F      G
               +--------+--------+--------+--------+--------+-----+--------+
         Total | 134234 | 124918 |   9316 |  63897 |  34301 |  68 | 1974.0 |
       Dungeon |  28806 |  25730 |   3076 |  10329 |  10888 |  15 | 1920.4 |
        Temple |     88 |     88 |      0 |      0 |     21 |   1 |   88.0 |
          Lair |  16391 |  14879 |   1512 |   7541 |   3843 |   6 | 2731.8 |
         Swamp |   7356 |   7094 |    262 |   3592 |   1913 |   4 | 1839.0 |
     Snake Pit |   9635 |   9216 |    419 |   5503 |   2073 |   4 | 2408.8 |
    Slime Pits |   5897 |   5776 |    121 |   3755 |    801 |   5 | 1179.4 |
  Orcish Mines |   3023 |   2566 |    457 |    848 |   1095 |   2 | 1511.5 |
   Elven Halls |   9896 |   9183 |    713 |   3760 |   3316 |   3 | 3298.7 |
        Vaults |  17262 |  16511 |    751 |   8394 |   4131 |   5 | 3452.4 |
        Depths |  11958 |  10919 |   1039 |   6216 |   2628 |   4 | 2989.5 |
           Zot |  16353 |  15389 |    964 |   9502 |   3022 |   5 | 3270.6 |
         Abyss |   1827 |   1827 |      0 |    923 |      0 |  10 |  182.7 |
        Bailey |   2106 |   2106 |      0 |   1686 |      0 |   1 | 2106.0 |
      Ice Cave |   1065 |   1065 |      0 |    674 |    104 |   1 | 1065.0 |
    Desolation |   1749 |   1749 |      0 |    726 |    464 |   1 | 1749.0 |
      Gauntlet |    817 |    817 |      0 |    446 |      0 |   1 |  817.0 |
               +--------+--------+--------+--------+--------+-----+--------+

Top non-repeatable levels by time:
   Zot:5: 5465 daAuts
   Elf:3: 5055 daAuts
   Zot:3: 4885 daAuts
Depths:3: 4752 daAuts
Vaults:4: 4733 daAuts
Vaults:3: 4510 daAuts
 Snake:3: 4441 daAuts
    D:14: 3561 daAuts
  Lair:2: 3489 daAuts
  Lair:3: 3441 daAuts
Depths:4: 3248 daAuts
     D:9: 3118 daAuts
  Lair:6: 3094 daAuts
Vaults:1: 2938 daAuts
 Swamp:3: 2914 daAuts
